 Dungeon Crawl Stone Soup version 0.23.2-11-gf996548c65 (webtiles) character file.

Game seed: 2173816295540598330

534 Mogget the Ducker (level 7, -3/30 HPs)
             Began as a Felid Skald on June 3, 2019.
             Slain by a yak (16 damage)
             ... on level 6 of the Dungeon on June 5, 2019.
             The game lasted 00:38:40 (8377 turns).

Mogget the Ducker (Felid Skald)                     Turns: 8377, Time: 00:38:40

Health: -3/30      AC:  4    Str:  7    XL:     7   Next: 4%
Magic:  5/14       EV: 22    Int: 17    God:
Gold:   77         SH:  0    Dex: 17    Spells: 7/14 levels left
                                        Lives:  0   Deaths: 2

rFire    + . .     SeeInvis +     - Unarmed
rCold    . . .     Gourm    .   (shield unavailable)
rNeg     . . .     Faith    .   (armour unavailable)
rPois    .         Spirit   .   (helmet unavailable)
rElec    .         Reflect  .   (cloak unavailable)
rCorr    .         Harm     .   (gloves unavailable)
MR       ++...                  (boots unavailable)
Stlth    +++.......             p - amulet of regeneration
HPRegen  0.50/turn              h - +2 ring of intelligence
MPRegen  0.14/turn              n - ring of protection from magic

@: infused, quick
A: very small, no armour, no weapons or thrown items, stealth, claws 1, fangs 3,
slimy green scales 1, see invisible, carnivore, fire resistance 1, speed 1,
shaggy fur 2, slow metabolism 1, sharp paws
a: no special abilities


You were on level 6 of the Dungeon.
You were not hungry.

You visited 1 branch of the dungeon, and saw 6 of its levels.

You collected 357 gold pieces.
You spent 280 gold pieces at shops.

Inventory:

Jewellery
 a - an uncursed ring of wizardry
 c - an uncursed ring of protection from cold {unknown}
 h - a +2 ring of intelligence (left paw)
 n - a ring of protection from magic (right paw)
 p - an amulet of regeneration (around neck)
Wands
 l - a wand of iceblast (15)
Scrolls
 e - 2 scrolls of enchant armour
 j - a scroll of fog {unknown}
 m - a scroll of magic mapping
Potions
 d - a potion of ambrosia {unknown}
 f - a potion of magic
 i - a potion of lignification {unknown}
 o - a potion of degeneration
 q - a potion of berserk rage {unknown}
Comestibles
 b - 12 rations


   Skills:
 + Level 2.5 Fighting
 + Level 6.5 Dodging
 + Level 3.3 Stealth
 + Level 5.7 Unarmed Combat
 + Level 4.0 Spellcasting
 + Level 5.1 Charms
 + Level 1.3 Summonings
 + Level 1.0 Necromancy
 + Level 1.8 Translocations
 + Level 0.6 Evocations


You had 7 spell levels left.
You knew the following spells:

 Your Spells              Type           Power        Failure   Level  Hunger
a - Infusion              Chrm           ###.         1%          1    None
b - Shroud of Golubria    Chrm/Tloc      ###.......   6%          2    ##.....
c - Regeneration          Chrm/Necr      ##........   13%         3    ###....
d - Summon Small Mammal   Summ           #...         9%          1    None

Your spell library contained the following spells:

 Spells                   Type           Power        Failure   Level  Hunger
 Song of Slaying          Chrm           ###.....     3%          2    ##.....
 Apportation              Tloc           #.....       8%          1    None
 Animate Skeleton         Necr           N/A          10%         1    None
 Confusing Touch          Hex            #.....       16%         1    None
 Corona                   Hex            #......      16%         1    None
 Ensorcelled Hibernation  Hex/Ice        #.....       24%         2    ##.....
 Confuse                  Hex            #.......     43%         3    ###....
 Dazzling Spray           Conj/Hex       #.....       43%         3    ###....
 Tukima's Dance           Hex            #.......     43%         3    ###....
 Spectral Weapon          Hex/Chrm       Unusable     N/A         3    N/A

Dungeon Overview and Level Annotations

Branches:
Dungeon (6/15)             Temple (0/1) D:5

Altars:
Gozag
Kikubaaqudgha
Okawaru
Ru
Yredelemnul

Shops:
D:5 :


Innate Abilities, Weirdness & Mutations

You cannot wear armour.
You are incapable of wielding weapons or throwing items.
Your paws allow you to move quietly. (Stealth)
You have sharp claws.
You have razor-sharp teeth.
You have supernaturally acute eyesight. (SInv)
You are carnivorous and can eat meat at any time.
You cover ground quickly.
You are covered in thick fur. (AC +2)
You have a slow metabolism.
Your sharp claws are effective at attacking unaware monsters.
You are partially covered in slimy green scales. (AC +2)
Your flesh is heat resistant. (rF+)


Message History

Your bat's corpse disappears in a puff of smoke!
You scratch the yak. Your bite misses the yak.
The yak is severely wounded.
The yak misses you.
You claw the yak!
The yak is moderately wounded.
Your skin stops crawling.
The yak closely misses you.
You scratch the yak.
The yak is moderately wounded.
The yak gores you.
You barely miss the yak.
The yak is moderately wounded.
The yak misses you. The yak barely misses you. The yak completely misses you.
The yak misses you.
You scratch the yak.
The yak is heavily wounded.
The yak misses you. x2; The yak gores you! x2
Ouch! That really hurt!
You die...

..# #.# ### #.# #.. #.####
#.# #[...# ## #.# #....#
.#####.########YY..########
Y..)...........Y@.....>....
.#####.#.#####.#Y...##...
.# #.#.# #.#....# .. #.#.#
#.#....# #.# #.#.# #.#....#
.. #.#)# #.#....# #.# #.#.#
#.#....# .. #.#.# #.#....#
#.# ####.#


You could see 4 yaks.

Vanquished Creatures
  A yak (D:6)
  An ogre (D:5)
  A bullfrog (D:6)
  2 water moccasin skeletons
  A bullfrog zombie (D:5)
  2 crimson imps (D:5)
  A quasit (D:5)
  A hound (D:5)
  A bullfrog skeleton (D:6)
  2 jellies (D:5)
  6 orc wizards (D:5)
  An iguana (D:5)
  A worker ant (D:6)
  8 adders
  2 shadow imps
  An ooze (D:1)
  2 adder skeletons
  A worm (D:3)
  3 dart slugs
  2 leopard geckos
  16 orcs
  14 bats
  A giant cockroach (D:2)
  15 goblins
  10 hobgoblins
  16 jackals
  2 quokkas (D:5)
  4 ball pythons
  5 frilled lizards
  8 kobolds
  A leopard gecko skeleton (D:4)
  9 rats
141 creatures vanquished.

Vanquished Creatures (collateral kills)
  A killer bee zombie (D:6)
  A quokka (D:5)
2 creatures vanquished.

Grand Total: 143 creatures vanquished

Notes
Turn   | Place    | Note
-------+----------+-------------------------------------------
     0 | D:1      | Mogget the Felid Skald began the quest for the Orb.
     0 | D:1      | Reached XP level 1. HP: 9/9 MP: 4/4
   301 | D:1      | Reached XP level 2. HP: 8/13 MP: 0/6
  1142 | D:1      | Learned a level 2 spell: Shroud of Golubria
  1276 | D:1      | Reached XP level 3. HP: 8/16 MP: 2/7
  1915 | D:2      | Found an ancient bone altar of Kikubaaqudgha.
  1964 | D:2      | Reached XP level 4. HP: 15/19 MP: 1/8
  2200 | D:2      | Learned a level 3 spell: Regeneration
  2419 | D:2      | Reached skill level 4 in Dodging
  3212 | D:3      | Reached skill level 1 in Translocations
  3237 | D:3      | Reached skill level 1 in Stealth
  3249 | D:3      | Gained mutation: Your flesh is heat resistant. (rF+)
                  | [potion of mutation]
  3249 | D:3      | Gained mutation: You are partially covered in slimy green
                  | scales. (AC +2) [potion of mutation]
  3359 | D:3      | Reached XP level 5. HP: 16/22 MP: 3/9
  3456 | D:3      | Found a basalt altar of Yredelemnul.
  4516 | D:4      | Found an iron altar of Okawaru.
  5361 | D:4      | Found a sacrificial altar of Ru.
  5362 | D:4      | Found an opulent altar of Gozag.
  5879 | D:5      | Entered Level 5 of the Dungeon
  5881 | D:5      | Noticed an ogre
  5924 | D:5      | Gained mutation: You are covered in thick fur. (AC +2)
                  | [Felid growth]
  5924 | D:5      | Reached XP level 6. HP: 18/26 MP: 0/11
  6141 | D:5      | Reached skill level 5 in Dodging
  6247 | D:5      | Slain by an orc
  6248 | D:5      | Reached XP level 5. HP: -3/23 MP: 3/10
  6265 | D:5      | Found a sacrificial altar of Ru.
  6284 | D:5      | Reached XP level 6. HP: 22/27 MP: 0/11
  6442 | D:5      | Reached skill level 6 in Dodging
  6896 | D:5      | Reached skill level 5 in Unarmed Combat
  6963 | D:5      | Found Nib Zism's Book Emporium.
  6975 | D:5      | Bought a book of Cantrips for 280 gold pieces
  6978 | D:5      | Learned a level 1 spell: Summon Small Mammal
  7029 | D:5      | Found a staircase to the Ecumenical Temple.
  7065 | D:5      | Reached XP level 7. HP: 28/30 MP: 8/12
  7716 | D:6      | Noticed a yak
  7721 | D:6      | Noticed a yak
  7724 | D:6      | Noticed a yak
  7724 | D:6      | Noticed a yak
  7725 | D:6      | Noticed a yak
  7751 | D:6      | Killed a yak
  7751 | D:6      | Reached skill level 5 in Charms
  7751 | D:6      | Reached skill level 1 in Summonings
  7777 | D:6      | Mangled by a yak
  7778 | D:6      | Reached XP level 6. HP: -7/27 MP: 1/12
  7894 | D:6      | Reached XP level 7. HP: 10/30 MP: 1/14
  7907 | D:6      | Reached skill level 1 in Necromancy
  8377 | D:6      | Slain by a yak

Skill      XL: |  1  2  3  4  5  6  7 |
---------------+----------------------+-----
Charms         | 4 5 |  5.1
Unarmed Combat | 3 4 5 |  5.7
Dodging        | 4 6 |  6.5
Translocations | 1 |  1.8
Stealth        | 1 2 3 |  3.3
Spellcasting   | 3 4 |  4.0
Summonings     | 1 |  1.3
Necromancy     | 1 |  1.0
Fighting       | |  2.5
Evocations     | |  0.6

Action                   |  1- 3 |  4- 6 |  7- 9 || total
-------------------------+-------+-------+-------++-------
Melee: Unarmed           |   130 |   367 |    73 ||   570
       Bite              |    12 |    33 |     9 ||    54
       Punch             |     1 |     4 |     3 ||     8
 Cast: Infusion          |     8 |    17 |     6 ||    31
       Shroud of Golubri |     3 |    13 |     2 ||    18
       Regeneration      |       |    12 |     2 ||    14
       Summon Small Mamm |       |    11 |    20 ||    31
Evoke: Wand              |       |     1 |     3 ||     4
  Use: Scroll            |     3 |     7 |     3 ||    13
       Potion            |     2 |     3 |     1 ||     6
 Stab: Sleeping          |       |     8 |       ||     8
       Paralysed         |       |       |     1 ||     1
  Eat: Chunk             |     8 |    12 |     1 ||    21
Armor: Skin              |    11 |    43 |     5 ||    59
Dodge: Dodged            |   145 |   467 |    58 ||   670
